Map: Inside and Out

Players

A.I. 1 (Very Easy) - Winner!

  • Race: Terran Terran
  • Spawn Location: 1:00

flashandfoul

  • Race: Protoss Protoss
  • League: Diamond
  • Spawn Location: 7:00

VOD

Have the link to the VOD?

Description

Time

  • Played on: Oct. 26, 2022, 9 p.m.
  • Length: 7:25
Show
View Real Time Build Order
Export as new Build Order

A.I. 1 (Very Easy) Terran - Winner!

Build Orders:  

Get SALT Encoding   

  6  0:00  SCV  
  13  0:13  SCV  
  14  0:18  Supply Depot  
  14  0:37  Refinery  
  14  0:41  Barracks  
  14  1:02  Supply Depot  
  14  1:11  Refinery  
  14  1:29  Orbital Command, Barracks Tech Lab  
  14  1:46  Marine  
  15  1:55  SCV  
  16  2:07  SCV  
  17  2:19  SCV  
  18  2:29  Marine  
  19  2:31  SCV  
  20  2:43  SCV  
  21  2:56  SCV  
  22  3:11  Marauder  
  24  6:26  SCV  
  24  6:27  Marine  
  24  6:28  Supply Depot  
  24  6:30  Factory  
  26  6:33  Command Center  
  26  6:38  SCV  
  25  6:50  SCV  
  25  6:52  Supply Depot  
  26  7:01  Marine  
  26  7:02  SCV  
  26  7:16  Starport  
Show
View Real Time Build Order
Export as new Build Order

flashandfoul Protoss 

Build Orders: 1 Gate Expand, Blink Stalkers 

Get SALT Encoding   

  6  0:00  Probe  
  13  0:12  Probe  
  14  0:17  Pylon  
  14  0:24  Probe (Chrono Boost)  
  15  0:36  Probe (Chrono Boost), Gateway  
  16  0:44  Probe (Chrono Boost)  
  16  0:45  Assimilator  
  17  0:51  Probe  
  18  1:03  Probe  
  19  1:15  Probe  
  20  1:22  Nexus  
  20  1:32  Cybernetics Core  
  20  1:35  Probe  
  20  1:39  Assimilator  
  21  1:47  Probe  
  21  1:49  Pylon  
  22  1:59  Probe  
  23  2:05  Adept (Chrono Boost)  
  25  2:09  Warp Gate  
  25  2:11  Probe  
  26  2:19  Twilight Council  
  26  2:23  Probe (Chrono Boost)  
  26  2:29  Stalker  
  29  2:34  Probe (Chrono Boost)  
  31  2:41  Probe (Chrono Boost)  
  31  2:43  Probe (Chrono Boost)  
  32  2:48  Probe x2 (Chrono Boost)  
  34  2:54  Blink (Chrono Boost)  
  34  2:59  Probe  
  34  3:00  Probe  
  34  3:02  Gateway  
  36  3:11  Probe  
  36  3:12  Probe  
  38  3:15  Gateway  
  38  3:23  Forge  
  38  3:24  Probe  
  38  3:25  Probe  
  40  3:32  Stalker  
  42  3:36  Probe, Pylon  
  42  3:38  Probe  
  44  3:48  Probe  
  45  3:50  Probe  
  46  3:56  Protoss Ground Weapons Level 1 (Chrono Boost)  
  46  4:00  Probe  
  47  4:04  Nexus  
  47  4:05  Pylon  
  47  4:08  Probe  
  48  4:12  Probe  
  48  4:15  Pylon  
  48  4:16  Stalker  
  51  4:21  Stalker  
  51  4:23  Probe  
  54  4:24  Probe  
  54  4:28  Stalker  
  57  4:35  Shield Battery, Probe  
  57  4:36  Probe  
  59  4:39  Shield Battery  
  59  4:45  Charge (Chrono Boost)  
  59  4:48  Probe x2, Stalker  
  59  4:51  Pylon  
  63  4:53  Pylon  
  63  4:59  Stalker  
  65  5:00  Probe  
  65  5:02  Probe  
  67  5:09  Stalker  
  67  5:12  Probe  
  70  5:14  Probe  
  70  5:21  Photon Cannon x2  
  71  5:24  Probe  
  71  5:25  Probe, Gateway  
  71  5:27  Probe  
  74  5:36  Probe  
  74  5:37  Probe  
  74  5:38  Gateway  
  74  5:39  Probe  
  74  5:42  Gateway  
  77  5:43  Gateway  
  77  5:47  Gateway  
  78  5:50  Probe x2  
  78  5:51  Probe  
  78  5:54  Robotics Facility  
  80  6:02  Probe x2  
  80  6:03  Probe  
  83  6:07  Nexus  
  83  6:09  Pylon  
  83  6:14  Probe x2  
  83  6:15  Probe  
  83  6:17  Gateway  
  86  6:19  Gateway  
  86  6:22  Gateway  
  86  6:25  Gateway  
  86  6:26  Probe x2  
  88  6:33  Probe  
  88  6:36  Shield Battery  
  88  6:38  Probe x2  
  91  6:41  Pylon, Zealot  
  91  6:45  Probe, Pylon  
  92  6:48  Pylon  
  92  6:50  Probe, Zealot x2  
  92  6:51  Pylon  
  92  6:53  Probe  
  98  6:57  Probe  
  98  6:59  Pylon  
  99  7:02  Photon Cannon, Probe  
  99  7:04  Pylon  
  99  7:06  Probe  
  99  7:07  Pylon, Zealot  
  103  7:12  Zealot x2  
Tags
 
Composition
Blink Stalkers
League
Diamond
Matchup
PvT
Spawn Locations
Cross Positions
Add a new tag
Caveats
  • Supply blocks, unpowered buildings, or Contaminate may cause inaccurate times.
  • Supply counts are checked every 10 seconds.